 Dungeon Crawl Stone Soup version 0.18.1-50-g88ac8fd (webtiles) character file.

35 Amnesiac the Charlatan (level 3, -4/20 HPs)
             Began as a Deep Elf Artificer on Feb 28, 2018.
             Slain by a worker ant (6 damage)
             ... on level 4 of the Dungeon.
             The game lasted 00:02:38 (1158 turns).

Amnesiac the Charlatan (Deep Elf Artificer)         Turns: 1158, Time: 00:02:39

Health: -4/20      AC:  3    Str: 11    XL:     3   Next: 17%
Magic:  8/8        EV: 12    Int: 16    God:
Gold:   67         SH:  0    Dex: 15    Spells: 0 memorised, 2 levels left

rFire  . . .     SeeInvis .     a - +0 short sword
rCold  . . .     Gourm    .     b - +0 leather armour
rNeg   . . .     Faith    .     (no shield)
rPois  .         Spirit   .     (no helmet)
rElec  .         Dismiss  .     (no cloak)
rCorr  .         Reflect  .     (no gloves)
SustAt .         Harm     .     (no boots)
MR     .....                    (no amulet)
Stlth  +++.......               s - ring of stealth
                                o - +2 ring of strength

@: lethally poisoned (-4 -> -17), not resistant to hostile enchantments, fairly
stealthy
A: no striking features
a: no special abilities


You were on level 4 of the Dungeon.
You were not hungry.

You visited 1 branch of the dungeon, and saw 4 of its levels.

You collected 67 gold pieces.

Inventory:

Hand Weapons
 a - a +0 short sword (weapon)
Missiles
 g - 63 stones (quivered)
 i - 28 sling bullets
Armour
 b - a +0 leather armour (worn)
Jewellery
 o - a +2 ring of strength (left hand)
 s - a ring of stealth (right hand)
Wands
 c - a wand of flame (11/48)
 d - a wand of enslavement (15/24)
 e - a wand of random effects (15/48)
Scrolls
 q - a scroll of magic mapping {!r, unknown}
 r - a scroll of enchant weapon {!r, unknown}
 u - a scroll of teleportation {!r, unknown}
 v - a scroll of enchant armour {!r, unknown}
 w - a scroll of identify {!r, unknown}
Potions
 h - 2 potions of curing {!q, unknown}
 j - a potion of invisibility {!q, unknown}
 k - 2 potions of brilliance {!q, unknown}
 p - a potion of might {!q, unknown}
Books
 n - a book of Conjurations

   Spells                             Type                      Level
   a - Magic Dart                     Conjuration                  1
   b - Searing Ray                    Conjuration                  2
   c - Dazzling Spray                 Conjuration/Hexes            3
   d - Fulminant Prism                Conjuration/Hexes            4
   e - Iskenderun's Mystic Blast      Conjuration                  4
   f - Iskenderun's Battlesphere      Conjuration/Charms           5
Comestibles
 f - 3 bread rations
 l - 4 fruits
 m - a beef jerky
 t - 3 chunks of flesh


   Skills:
 - Level 0.7 Fighting
 + Level 1.4 Short Blades
 - Level 2.4 Dodging
 - Level 2.0 Stealth
 * Level 4.3 Evocations


You had 2 spell levels left.
You didn't know any spells.

Dungeon Overview and Level Annotations

Branches:
Dungeon (4/15)
 Temple: D:4-7

Altars:
Nemelex Xobeh

Annotations:
D:4 exclusion: iguana


Message History

You hit the howler monkey skeleton.
The howler monkey skeleton closely misses you. x2
You hit the howler monkey skeleton but do no damage.
The howler monkey skeleton hits you.
The howler monkey skeleton bites you but does no damage.
You hit the howler monkey skeleton but do no damage.
The howler monkey skeleton hits you but does no damage.
The howler monkey skeleton closely misses you.
You hit the howler monkey skeleton.
The howler monkey skeleton closely misses you.
The howler monkey skeleton misses you.
The worker ant waves its antennae.
You hit the howler monkey skeleton.
The howler monkey skeleton hits you but does no damage.
The howler monkey skeleton bites you but does no damage.
The howler monkey skeleton hits you. The howler monkey skeleton bites you.
You hit the howler monkey skeleton.
You destroy the howler monkey skeleton!
You have reached level 3!
Your experience leads to an increase in your attributes!
Your base attributes are Str 8, Int 16, Dex 15.
Increase (S)trength, (I)ntelligence, or (D)exterity?
You feel stronger.
Evoke which item? (* to show all) (? for menu, Esc to quit)
Zapping:
c - a wand of flame (15/48)
Press: ? - help, Shift-Dir - straight line, f - worker ant
Aim: a worker ant The puff of flame hits the worker ant.
The worker ant is moderately wounded.
This wand has 14 charges left.
The worker ant bites you.
You are poisoned.
The worker ant poisons you! The worker ant bites you.
You are lethally poisoned!
The worker ant poisons you!
Evoke which item? (* to show all) (? for menu, Esc to quit)
Zapping:
c - a wand of flame (14/48)
Press: ? - help, Shift-Dir - straight line, f/p - worker ant
Aim: a worker ant (moderately wounded)
The puff of flame hits the worker ant.
The worker ant is heavily wounded.
This wand has 13 charges left.
* * * LOW HITPOINT WARNING * * *
You feel sick. The worker ant bites you.
* * * LOW HITPOINT WARNING * * *
Evoke which item? (* to show all) (? for menu, Esc to quit)
Zapping:
c - a wand of flame (13/48)
Press: ? - help, Shift-Dir - straight line, f/p - worker ant
Aim: a worker ant (heavily wounded)
The puff of flame hits the worker ant.
The worker ant is almost dead.
This wand has 12 charges left.
* * * LOW HITPOINT WARNING * * *
You feel sick. The worker ant barely misses you.
Evoke which item? (* to show all) (? for menu, Esc to quit)
Zapping:
c - a wand of flame (12/48)
Press: ? - help, Shift-Dir - straight line, f/p - worker ant
Aim: a worker ant (almost dead)
The puff of flame misses the worker ant.
The puff of flame hits the orc.
The orc is heavily wounded.
This wand has 11 charges left.
* * * LOW HITPOINT WARNING * * *
You feel sick. The worker ant bites you.
You die...

#.#.#............
#.#.........#####
#.#########.# #.#
#.##### #######
#.# #......
....... #.#
#...... .......
#.# ##.....
.......##.#
#####.
......oa@.# #.
.......####
########. ..$....
########......<.
##########
#............###
#........#
#............#
#.######.#
#........†...#
#.# #.#
########'#####
#.# #.# #.#
###'######.#
#.#######


You could see a worker ant and an orc.

Vanquished Creatures
  A howler monkey skeleton (D:4)
  An adder (D:4)
  2 dart slugs (D:4)
  2 orcs
  A giant cockroach (D:3)
  A goblin (D:3)
  A quokka (D:4)
  A bat (D:3)
  A kobold (D:1)
  A quokka skeleton (D:4)
  A rat (D:2)
13 creatures vanquished.

Notes
Turn   | Place    | Note
--------------------------------------------------------------
     0 | D:1      | Amnesiac the Deep Elf Artificer began the quest for the Orb.
     0 | D:1      | Reached XP level 1. HP: 11/11 MP: 5/5
   171 | D:3      | Found a sparkling altar of Nemelex Xobeh.
   582 | D:4      | Reached XP level 2. HP: 12/16 MP: 6/6
  1077 | D:4      | Reached skill level 4 in Evocations
  1154 | D:4      | Reached XP level 3. HP: 16/20 MP: 8/8
  1158 | D:4      | Slain by a worker ant

Skill      XL: |  1  2 |
---------------+-------+-----
Stealth        | 2 |  2.0
Evocations     | 4 |  4.3
Fighting       | |  0.7
Short Blades   | |  1.4
Dodging        | |  2.4

Action                   || total
-------------------------++-------
Melee: Short sword       ||    53
Evoke: Wand              ||     4
 Stab: Sleeping          ||     4
       Distracted        ||     1
  Eat: Chunk             ||     1
Armor: Leather armour    ||    19
Dodge: Dodged            ||    34
